 Dungeon Crawl Stone Soup version 0.20.0-10-g0535bb4 (webtiles) character file.

107 Dfrag the Firebug (level 4, 0/30 HPs)
             Began as a Demonspawn Fire Elementalist on June 5, 2017.
             Slain by Duvessa
             ... wielding a +1 short sword of flaming
              (1 damage)
             ... on level 6 of the Dungeon.
             The game lasted 00:04:18 (1828 turns).

Dfrag the Firebug (Demonspawn Fire Elementalist)    Turns: 1828, Time: 00:04:19

Health: 0/30       AC:  3    Str:  7 (8)  XL:     4   Next: 56%
Magic:  2/8        EV: 11    Int: 15 (18) God:
Gold:   56         SH:  4    Dex: 10 (13) Spells: 0/8 levels left

rFire    + . .     SeeInvis .   r - -2 war axe (curse)
rCold    . . .     Gourm    .   (no shield)
rNeg     . . .     Faith    .   a - +0 robe
rPois    .         Spirit   .   (no helmet)
rElec    .         Reflect  .   (no cloak)
rCorr    .         Harm     .   (no gloves)
MR       .....                  e - +0 pair of boots
Stlth    +.........             l - amulet of rage
Regen    0.1/turn               (no ring)
MPRegen  0.2/turn               (no ring)

@: very slightly contaminated, drained
A: large bone plates 1, fire resistance 1
a: Evoke Berserk Rage


You were on level 6 of the Dungeon.
You were very hungry.

You visited 1 branch of the dungeon, and saw 5 of its levels.

You collected 56 gold pieces.

Inventory:

Hand Weapons
 j - a +3 short sword
 r - a cursed -2 war axe (weapon)
Armour
 a - a +0 robe (worn)
 e - a +0 pair of boots (worn)
Jewellery
 h - an uncursed amulet of harm
 l - an amulet of rage (around neck)
Scrolls
 d - a scroll of random uselessness {unknown}
 g - a scroll of magic mapping {unknown}
 k - a scroll of enchant weapon {unknown}
 m - a scroll of remove curse {unknown}
 o - 3 scrolls of identify {unknown}
 p - 3 scrolls of teleportation {unknown}
Books
 b - a book of Flames

   Spells                             Type                      Level
   a - Flame Tongue                   Conjuration/Fire             1
   b - Throw Flame                    Conjuration/Fire             2
   c - Conjure Flame                  Conjuration/Fire             3
   d - Inner Flame                    Hexes/Fire                   3
   e - Sticky Flame                   Conjuration/Fire             4
   f - Fireball                       Conjuration/Fire             5
Comestibles
 c - 3 bread rations
 f - 2 royal jellies
 q - a meat ration


   Skills:
 - Level 1.7(0.7) Dodging
 - Level 1.7(0.7) Stealth
 + Level 2.9(1.9) Spellcasting
 + Level 2.4(1.4) Conjurations
 + Level 3.7(2.7) Fire Magic


You couldn't memorise any spells.
You knew the following spells:

 Your Spells              Type           Power        Failure   Level  Hunger
a - Flame Tongue          Conj/Fire      #....        10%         1    ##.....
b - Conjure Flame         Conj/Fire      #.......     28%         3    ####...
c - Sticky Flame          Conj/Fire      #.......     67%         4    #####..


Dungeon Overview and Level Annotations

Branches:
Dungeon (6/15)
 Temple: D:4-7

Altars:
Fedhas
Qazlal

Annotations:
D:6 Duvessa


Innate Abilities, Weirdness & Mutations

You are partially covered in large bone plates. (SH +4)
Your flesh is heat resistant. (rF+)


Message History

There was something very wrong with that liquid.
You feel weakened.
You feel dopey.
You feel clumsy.
Duvessa hits you with a short sword of flaming.
You hit Duvessa but do no damage.
Duvessa is lightly wounded.
Duvessa hits you with a short sword of flaming!
* * * LOW HITPOINT WARNING * * *
You completely miss Duvessa.
Duvessa is lightly wounded.
You block Duvessa's attack. Duvessa hits you but does no damage.
You hit Duvessa.
Duvessa is lightly wounded.
Duvessa barely misses you.
You hit Duvessa but do no damage.
Duvessa is lightly wounded.
Duvessa misses you.
Duvessa hits you with a short sword of flaming.
* * * LOW HITPOINT WARNING * * *
Duvessa burns you.
You die...

..# ..#.#
#.#.# #.#.#
#.#.# #.#.#
#.#.#
#@#b#######
#.e.......#
#..######.#
#..# .#
#..# .#
#..# .#
#... .#
##.# .# #.#
.#


You could see Duvessa.

Vanquished Creatures
  A bullfrog skeleton (D:6)
  2 adders (D:2)
  3 worms
  3 dart slugs
  A leopard gecko (D:1)
  An orc (D:3)
  5 bats
  2 giant cockroaches
  8 goblins
  7 hobgoblins
  6 kobolds
  4 rats
43 creatures vanquished.

Notes
Turn   | Place    | Note
-------+----------+-------------------------------------------
     0 | D:1      | Dfrag the Demonspawn Fire Elementalist began the quest for the Orb.
     0 | D:1      | Reached XP level 1. HP: 13/13 MP: 3/3
   250 | D:1      | Gained mutation: Your flesh is heat resistant. (rF+) [demonic ancestry]
   250 | D:1      | Reached XP level 2. HP: 17/19 MP: 3/5
   537 | D:1      | Reached skill level 3 in Fire Magic
   689 | D:2      | Reached XP level 3. HP: 10/24 MP: 1/6
   981 | D:2      | Found a blossoming altar of Fedhas.
   981 | D:2      | Found a stormy altar of Qazlal.
  1308 | D:3      | Gained mutation: You are partially covered in large bone plates. (SH +4) [demonic ancestry]
  1308 | D:3      | Reached XP level 4. HP: 7/30 MP: 2/8
  1759 | D:3      | You fall through a shaft for 2 floors!
  1759 | D:5      | Entered Level 5 of the Dungeon
  1759 | D:5      | Noticed an ogre
  1766 | D:6      | Noticed Duvessa
  1781 | D:6      | Learned a level 3 spell: Conjure Flame
  1786 | D:6      | Learned a level 4 spell: Sticky Flame
  1823 | D:5      | Noticed an ogre
  1828 | D:6      | HP: 1/30 [Duvessa/short sword of flaming (4)]
  1828 | D:6      | Slain by Duvessa

Skill      XL: |  1  2 |
---------------+-------+-----
Fire Magic     | 3 |  3.7
Conjurations   | 2 |  2.4
Dodging        | |  1.7
Stealth        | |  1.7
Spellcasting   | |  2.9

Action                   |  1- 3 |  4- 6 || total
-------------------------+-------+-------++-------
Melee: Unarmed           |    32 |       ||    32
       Short sword       |    32 |       ||    32
       War axe           |       |    26 ||    26
 Cast: Flame Tongue      |    46 |    13 ||    59
       Conjure Flame     |       |     1 ||     1
  Use: Potion            |       |     1 ||     1
 Stab: Sleeping          |     1 |     1 ||     2
  Eat: Chunk             |     2 |     1 ||     3
Armor: Robe              |    12 |     6 ||    18
Dodge: Dodged            |    58 |    20 ||    78
Block: Other             |       |    11 ||    11
